 Dungeon Crawl Stone Soup version 0.30-a0-920-g7493c07aab (webtiles) character file.

Game seed: 16995057965198441932

621 cforsyth the Shield-Bearer (level 7, -1/55 HPs)
             Began as a Human Fighter on Mar 22, 2023.
             Was a Follower of Okawaru.
             Slain by an iguana (9 damage)
             ... on level 5 of the Dungeon.
             The game lasted 00:04:45 (4292 turns).

cforsyth the Shield-Bearer (Human Fighter)          Turns: 4292, Time: 00:04:46

Health: -1/55      AC:  7    Str: 18    XL:     7   Next: 75%
Magic:  7/7        EV:  9    Int:  8    God:    Okawaru [*.....]
Gold:   230        SH:  5    Dex: 13    Spells: 6/6 levels left

rFire   . . .      SeeInvis .    a - +0 flail
rCold   . . .      Faith    .    c - +0 buckler
rNeg    . . .      Spirit   .    b - +0 scale mail
rPois   .          Reflect  .    (no helmet)
rElec   .          Rampage  .    (no cloak)
rCorr   .                        (no gloves)
Will    .....                    (no boots) Stlth
                                 g - amulet of the acrobat
HPRegen 0.29/turn                (no ring)
MPRegen 0.10/turn                (no ring)

@: mighty, lethally poisoned (-1 -> -6)
A: no striking features
a: Renounce Religion, Heroism


You were on level 5 of the Dungeon.
You worshipped Okawaru.
Okawaru was aware of your devotion.
You visited 2 branches of the dungeon, and saw 6 of its levels.

You collected 230 gold pieces.

Inventory:

Hand Weapons
 a - a +0 flail (weapon)
Armour
 b - a +0 scale mail (worn)
 c - a +0 buckler (worn)
Jewellery
 g - an amulet of the acrobat (around neck)
 h - an amulet of faith
 j - a ring of magical power
 o - a ring of ice
Scrolls
 e - 6 scrolls of teleportation {unknown}
 f - 3 scrolls of identify {unknown}
 k - 2 scrolls of brand weapon {unknown}
 l - 2 scrolls of noise {unknown}
 n - 2 scrolls of amnesia {unknown}
 r - 2 scrolls of vulnerability {unknown}
 v - a scroll of immolation {unknown}
 w - 2 scrolls of silence {unknown}
 x - a scroll of enchant armour {unknown}
 y - a scroll of fog {unknown}
Potions
 i - a potion of mutation {unknown}
 m - a potion of degeneration {unknown}
 p - a potion of attraction
 q - a potion of brilliance {unknown}
 s - a potion of heal wounds {unknown}
 t - a potion of curing {unknown}
 u - a potion of flight {unknown}
 z - 2 potions of haste {unknown}


   Skills:
 + Level 4.8 Fighting
 + Level 4.3 Maces & Flails
 + Level 4.8 Armour
 + Level 4.9 Shields


You had 6 spell levels left.
You didn't know any spells.
Your spell library contained the following spells:

 Spells                   Type           Power      Damage    Failure   Level
 Freeze                   Ice            0%         1d3       86%         1
 Sublimation of Blood     Necr           0%         N/A       94%         2
 Wereblood                Tmut           0%         N/A       94%         2
 Frozen Ramparts          Ice            0%         1d1       99%         3
 Hailstorm                Conj/Ice       0%         3d3       99%         3
 Ice Form                 Ice/Tmut       0%         N/A       100%        4
 Simulacrum               Ice/Necr       Unusable   N/A       N/A         6
 Summon Hydra             Summ           Unusable   N/A       N/A         7

Dungeon Overview and Level Annotations

Branches:
Dungeon (5/15)             Temple (1/1) D:4

Altars:
Elyvilon
Fedhas
Kikubaaqudgha
Nemelex Xobeh
Okawaru
Qazlal
Sif Muna
Uskayaw
Vehumet
Xom
Zin

Shops:
D:3 :   D:4 :

Annotations:
D:4 3 runed translucent doors, monoptic's ghost, amateur MiFi


Message History

The orc priest hits you but does no damage.
You hit the orc priest but do no damage.
The orc priest is severely wounded.
The orc misses you.
The orc priest invokes the aid of Beogh against you.
Beogh smites you! You block the orc's attack.
The orc priest casts a cantrip, but nothing happens.
You are too injured to fight recklessly!
You are too injured to fight recklessly!
You are too injured to fight recklessly!
You are too injured to fight recklessly!
You are too injured to fight recklessly!
You are too injured to fight recklessly!
You are too injured to fight recklessly!
You hit the orc priest.
The orc priest is almost dead.
The orc priest looks braver for a moment.
The iguana bites you! The orc barely misses you.
The orc hits you but does no damage. x2; The orc barely misses you.
The orc hits you but does no damage.
The orc priest invokes the aid of Beogh against you.
You struggle to resist.
The orc hits you but does no damage.
You are poisoned.
You block the orc priest's attack. The iguana barely misses you.
You feel very mighty all of a sudden.
You feel very sick. The iguana bites you.
* * * LOW HITPOINT WARNING * * *
The orc hits you but does no damage. The orc barely misses you.
The orc hits you with a +2 whip of venom.
* * * LOW HITPOINT WARNING * * *
The orc priest closely misses you.
The orc priest hits you but does no damage.
You thump the orc priest!
You kill the orc priest!
Okawaru accepts your kill.
* * * LOW HITPOINT WARNING * * *
You feel very sick. The orc barely misses you. The iguana bites you!
You die...

........# #.#.........##
...#....# #.#.#.....####
.. ####.# #...#.....####
...#.##.# ###....#......
........# ##....#.......
..#####.##......#.......
##!......##........
###l........##.....##
#).)@o...... #......#
#.....ooo.............##
###...........##.......
##.....<.)..##........
#...................#
......#...#......####
.(....##.#####....
#......# ##


You could see an iguana, an orc priest and 3 orcs.

Vanquished Creatures
  Sigmund (D:4)
  A centaur (D:5)
  A bullfrog (D:4)
  Blork the orc (D:4)
  A hound (D:5)
  An orc priest (D:5)
  An orc wizard (D:5)
  Robin (D:4)
  9 adders
  A worm (D:2)
  2 dart slugs
  7 orcs
  7 ball pythons
  6 endoplasms
  4 giant cockroaches
  9 goblins
  12 hobgoblins
  8 jackals
  4 kobolds
  2 quokkas
  5 bats
  3 rats
87 creatures vanquished.

Notes
Turn   | Place    | Note
-------+----------+-------------------------------------------
     0 | D:1      | cforsyth the Human Fighter began the quest for the Orb.
     0 | D:1      | Reached XP level 1. HP: 18/18 MP: 1/1
   258 | D:1      | Reached XP level 2. HP: 21/24 MP: 2/2
   864 | D:2      | Reached XP level 3. HP: 29/29 MP: 3/3
  1153 | D:2      | Reached XP level 4. HP: 31/35 MP: 4/4
  1343 | D:2      | You fall into a shaft and drop 2 floors!
  1343 | D:4      | Found a staircase to the Ecumenical Temple.
  1352 | Temple   | Entered the Ecumenical Temple
  1386 | Temple   | Became a worshipper of Warmaster Okawaru
  1409 | D:4      | Noticed Sigmund
  1989 | D:3      | Found Nerr's Book Shoppe.
  2007 | D:3      | Reached XP level 5. HP: 29/42 MP: 5/5
  2483 | D:3      | Identified the +6 dagger of Callousness {flame, *Rage rN+++
                  | Will+ Dex+3}
  2666 | D:4      | Killed Sigmund
  2667 | D:4      | Reached XP level 6. HP: 10/48 MP: 6/6
  2856 | D:4      | Noticed Blork the orc
  2865 | D:4      | Killed Blork the orc
  3148 | D:4      | Found a runed translucent gate.
  3148 | D:4      | Found a runed translucent gate.
  3151 | D:4      | Noticed monoptic's ghost (amateur MiFi)
  3157 | D:4      | Found a runed translucent gate.
  3270 | D:4      | Found Ocarepu's Book Boutique.
  3325 | D:4      | Reached XP level 7. HP: 55/55 MP: 7/7
  3433 | D:4      | Noticed Robin
  3443 | D:4      | Reached * piety under Okawaru
  3704 | D:4      | Killed Robin
  3970 | D:5      | Entered Level 5 of the Dungeon
  4292 | D:5      | Slain by an iguana

Illustrated notes

Levels and vault maps discovered:
D:1:      minmay_arrival_widening_spiral_narrow, layout_basic,
          chequers_serial_rivers_micro_b
D:2:      layout_loops_corners, minmay_misc_feat_cross, kennysheep_flooded_box,
          kennysheep_cross_bottleneck
D:3:      layout_rooms, serial_shops, shop, st_stairs_4,
          kennysheep_generic_room_15
D:4:      layout_basic, minmay_temple_entry_large_hall, gammafunk_ghost_split,
          serial_shops, kennysheep_mini_moat, corexii_hall_statues_l,
          grunt_decor_mini_mirrors, uniq_blork_the_orc, uniq_sigmund, uniq_robin
D:5:      layout_cave_pools, mainiacjoe_overflow_brackets
Temple:   nicolae_temple_bog_church

Skill      XL: |  1  2  3  4  5  6  7 |
---------------+----------------------+-----
Maces & Flails | 3 4 |  4.3
Fighting       | 4 |  4.8
Armour         | 4 |  4.8
Shields        | 4 |  4.9

Action                     |  1- 3 |  4- 6 |  7- 9 || total
---------------------------+-------+-------+-------++-------
  Melee: Flail             |    73 |   179 |   120 ||   372
    Use: Potion            |       |       |     2 ||     2
 Armour: Scale mail        |    30 |   111 |   124 ||   265
  Dodge: Dodged            |    50 |   103 |   136 ||   289
  Block: Buckler           |    17 |    60 |    59 ||   136

Table legend: (Time is in decaauts)
 A = Elapsed time spent in this place.
 B = Non-inter-level travel time spent in this place.
 C = Inter-level travel time spent in this place.
 D = Time resting spent in this place.
 E = Time spent auto-exploring this place.
 F = Levels seen in this place.
 G = Mean time per level.
                   A        B        C        D        E       F      G
               +--------+--------+--------+--------+--------+-----+--------+
         Total |   4402 |   4293 |    109 |    129 |   3230 |   6 |  733.7 |
       Dungeon |   4351 |   4254 |     97 |    129 |   3207 |   5 |  870.2 |
        Temple |     50 |     38 |     12 |      0 |     23 |   1 |   50.0 |
               +--------+--------+--------+--------+--------+-----+--------+

Top non-repeatable levels by time:
     D:4: 1264 daAuts
     D:2: 1035 daAuts
     D:3: 981 daAuts
     D:1: 730 daAuts
     D:5: 340 daAuts
  Temple: 50 daAuts
